 Dungeon Crawl Stone Soup version 0.29.1-1-gd02db6906a (webtiles) character file.

Game seed: 15039398978393174953

94 Earthwalker the Gusty (level 4, -3/39 HPs)
             Began as an Ogre Air Elementalist on Oct 4, 2022.
             Slain by an iguana (7 damage)
             ... on level 3 of the Dungeon.
             The game lasted 00:19:14 (4335 turns).

Earthwalker the Gusty (Ogre Air Elementalist)       Turns: 4335, Time: 00:19:14

Health: -3/39      AC:  5    Str: 12    XL:     4   Next: 63%
Magic:  0/9        EV: 10    Int: 16    God:
Gold:   153        SH:  0    Dex: 11    Spells: 8/9 levels left

rFire   . . .      SeeInvis .   c - +1 dagger
rCold   . . .      Faith    .   (no shield)
rNeg    . . .      Spirit   .   a - +2 robe
rPois   .          Reflect  .   (helmet restricted)
rElec   .          Harm     .   (no cloak)
rCorr   .          Rampage  .   (gloves unavailable)
Will    .....                   (boots unavailable)
Stlth   ++........              (no amulet)
HPRegen 0.13/turn               (no ring)
MPRegen 0.11/turn               (no ring)

@: no status effects
A: large, unfitting armour, tough skin 1
a: no special abilities


You were on level 3 of the Dungeon.
You visited 1 branch of the dungeon, and saw 4 of its levels.

You collected 153 gold pieces.

Inventory:

Hand Weapons
 c - a +1 dagger (weapon)
Missiles
 j - 4 boomerangs
 k - 12 stones
 o - 3 poisoned darts
Armour
 a - a +2 robe (worn)
 i - a +0 robe
Jewellery
 n - an amulet of regeneration
 p - a +4 ring of evasion
Scrolls
 d - 2 scrolls of magic mapping
 l - a scroll of torment
 q - 3 scrolls of fog {unknown}
Potions
 b - 2 potions of magic
 e - a potion of haste
 f - a potion of invisibility {unknown}
 g - 2 potions of curing {unknown}
 h - a potion of flight {unknown}
 m - a potion of attraction {unknown}
 r - a potion of mutation {unknown}
 s - a potion of heal wounds {unknown}
 t - a potion of resistance {unknown}


   Skills:
 + Level 0.3 Short Blades
 + Level 1.9 Dodging
 + Level 1.7 Stealth
 + Level 3.3 Spellcasting
 + Level 1.9 Conjurations
 * Level 3.5 Air Magic


You had 8 spell levels left.
You knew the following spells:

 Your Spells              Type           Power      Damage    Failure   Level
a - Shock                 Conj/Air       44%        1d5       6%          1

Your spell library contained the following spells:

 Spells                   Type           Power      Damage    Failure   Level
 Static Discharge         Conj/Air       11%        3-5/arc   9%          2
 Swiftness                Air            14%        N/A       13%         3
 Beastly Appendage        Tmut           4%         N/A       19%         1
 Blink                    Tloc           4%         N/A       26%         2
 Wereblood                Tmut           2%         N/A       26%         2
 Airstrike                Air            7%         2d(1-17)  38%         4
 Spider Form              Tmut/Pois      2%         N/A       47%         3
 Manifold Assault         Tloc           2%         N/A       99%         5
 Storm Form               Tmut/Air       4%         N/A       100%        7


Dungeon Overview and Level Annotations

Branches:
Dungeon (4/15)
 Temple: D:4-7

Altars:

Annotations:
D:3 3 runed translucent doors, ragnag's ghost, amateur NaWr


Innate Abilities, Weirdness & Mutations

You are too large for most types of armour.
You have tough skin. (AC +1)


Message History

Aim: an iguana (heavily wounded, 72% to hit)
The zap hits the iguana.
The iguana is heavily wounded.
The iguana bites you but does no damage.
Casting: Shock (safe; 6% risk of failure)
Confirm with . or Enter, or press ? or * to list all spells.
Aiming: Shock (safe; 6% risk of failure)
Press: ? - help, Shift-Dir - straight line, f/p - iguana
Aim: an iguana (heavily wounded, 72% to hit)
The zap hits the iguana but does no damage.
The iguana is heavily wounded.
The iguana bites you!
Casting: Shock (safe; 6% risk of failure)
Confirm with . or Enter, or press ? or * to list all spells.
Aiming: Shock (safe; 6% risk of failure)
Press: ? - help, Shift-Dir - straight line, f/p - iguana
Aim: an iguana (heavily wounded, 72% to hit)
The zap hits the iguana but does no damage.
The iguana is heavily wounded.
The iguana bites you. The iguana attacks as you move away!
The iguana misses you.
You hit the iguana but do no damage.
The iguana is heavily wounded.
You hit the iguana.
The iguana is severely wounded.
The iguana bites you.
You hit the iguana but do no damage.
The iguana is severely wounded.
The iguana barely misses you.
You barely miss the iguana.
The iguana is severely wounded.
The iguana bites you!
* * * LOW HITPOINT WARNING * * *
You hit the iguana but do no damage.
The iguana is severely wounded.
The iguana bites you but does no damage.
You hit the iguana.
The iguana is almost dead.
The iguana bites you!
You die...

.#...####...................⌠.###
.#.#...##.###...........)...P.#_#
'#'#.#..#.###.#.........^...⌠.#.#
........÷..##.#...........#.~.#.#
.......##..##.#...........#.⌠....
.......##.....#...........#..~⌠~~
).......#.###..#...##.###........
........#.###...###...# #........
........#.....#.@l..### #.......#
#######.##########.## #.....[##
..................># #......#
##.........####....######......#
#.........#...................##
#.........#.)...................
#.........#.....................
#...♣..P♣.#..........).........#
#...♣♣~♣♣.#....................#


You could see an iguana.

Vanquished Creatures
  2 adders (D:2)
  3 worms
  2 dart slugs (D:2)
  An orc (D:3)
  4 ball pythons (D:3)
  8 bats
  7 endoplasms
  A giant cockroach (D:2)
  4 goblins
  5 hobgoblins
  7 jackals
  4 quokkas
  2 kobolds
  3 rats
53 creatures vanquished.

Vanquished Creatures (others)
  3 plants (D:3)
3 creatures vanquished.

Grand Total: 56 creatures vanquished

Notes
Turn   | Place    | Note
-------+----------+-------------------------------------------
     0 | D:1      | Earthwalker the Ogre Air Elementalist began the quest for
                  | the Orb.
     0 | D:1      | Reached XP level 1. HP: 16/16 MP: 3/3
   711 | D:1      | Reached XP level 2. HP: 24/24 MP: 3/5
   985 | D:2      | Reached skill level 1 in Conjurations
  1402 | D:2      | Reached XP level 3. HP: 8/31 MP: 0/7
  2619 | D:2      | Reached XP level 4. HP: 39/39 MP: 3/8
  3356 | D:3      | Found a faded altar of an unknown god.
  3365 | D:3      | Found a runed translucent gate.
  3366 | D:3      | Found a runed translucent gate.
  3366 | D:3      | Noticed ragnag's ghost (amateur NaWr)
  3367 | D:3      | Found a runed translucent gate.
  4335 | D:3      | Slain by an iguana

Illustrated notes

Levels and vault maps discovered:
D:1:      lightli_arrival_lavapool, layout_basic
D:2:      layout_basic, minmay_ruptured
D:3:      layout_basic, shapermc_ecumenical_altar_acropolis,
          gammafunk_ghost_split, serial_bayou_crossing
D:4:      layout_rooms, nrook_mini_vaults

Skill      XL: |  1  2  3 |
---------------+----------+-----
Air Magic      | 3 |  3.5
Conjurations   | 1 |  1.9
Spellcasting   | 3 |  3.3
Short Blades   | |  0.3
Dodging        | |  1.9
Stealth        | |  1.7

Action                   |  1- 3 |  4- 6 || total
-------------------------+-------+-------++-------
Melee: Dagger            |    14 |    23 ||    37
 Cast: Shock             |    61 |    79 ||   140
  Use: Scroll            |     5 |     3 ||     8
Armor: Robe              |     6 |    24 ||    30
Dodge: Dodged            |    14 |    24 ||    38
